Map: [ESL] Babylon

Players

Spirit

  • Race: Terran Terran

GuMiho - Winner!

  • Race: Terran Terran

Event: IEM Katowice 2023

VOD

Have the link to the VOD?

Description

Time

  • Played on: Feb. 11, 2023, 6:17 a.m.
  • Length: 15:08

All games in this series

Show
View Real Time Build Order
Export as new Build Order

Spirit Terran 

Build Orders: Banshee Rush 

Get SALT Encoding   

  12  0:00  SCV  
  13  0:12  SCV  
  14  0:17  Supply Depot  
  14  0:24  SCV  
  15  0:39  SCV  
  15  0:41  Barracks  
  16  0:43  Refinery  
  16  0:51  SCV  
  16  0:53  Refinery  
  17  1:03  SCV  
  18  1:15  SCV  
  19  1:27  Orbital Command, Reaper  
  20  1:34  Supply Depot  
  20  1:45  Factory  
  20  1:53  SCV  
  21  1:59  Reaper  
  22  2:05  SCV  
  23  2:17  SCV  
  24  2:25  Command Center  
  25  2:30  SCV  
  25  2:32  Hellion  
  25  2:34  Barracks Reactor  
  27  2:42  SCV  
  28  2:44  Supply Depot  
  28  2:53  Hellion  
  28  2:56  Starport  
  30  2:59  SCV  
  30  3:11  Marine x2, SCV  
  32  3:15  Factory Tech Lab  
  32  3:23  SCV  
  32  3:29  Marine x2  
  32  3:33  Starport Tech Lab  
  32  3:35  SCV  
  32  3:36  Cyclone  
  38  3:51  Cloaking Field  
  38  3:55  Banshee  
  39  3:57  Orbital Command  
  39  3:58  Marine, SCV  
  39  4:01  Marine  
  41  4:06  Refinery  
  41  4:10  SCV  
  41  4:12  Cyclone  
  45  4:17  Marine  
  45  4:18  Marine  
  45  4:22  SCV  
  48  4:27  Supply Depot  
  48  4:31  SCV  
  49  4:35  Marine, SCV  
  49  4:37  Marine  
  54  4:38  Raven  
  54  4:45  SCV  
  54  4:47  SCV  
  51  4:54  Siege Tank  
  51  4:58  SCV  
  57  5:02  Supply Depot  
  57  5:04  SCV  
  57  5:15  Raven  
  57  5:16  SCV  
  57  5:17  Command Center  
  57  5:18  SCV  
  60  5:26  Siege Tank  
  63  5:28  SCV  
  63  5:30  SCV  
  65  5:36  Supply Depot  
  65  5:40  SCV  
  67  5:42  SCV  
  67  5:50  Supply Depot  
  67  5:51  Supply Depot  
  67  5:52  SCV  
  67  5:55  SCV  
  69  5:58  Stimpack  
  69  5:59  Viking  
  69  6:01  Viking  
  73  6:04  SCV  
  73  6:07  Marine, SCV  
  76  6:12  Refinery  
  76  6:13  Siege Tank  
  76  6:17  SCV  
  80  6:19  SCV  
  80  6:21  Supply Depot  
  80  6:25  Marine  
  82  6:29  SCV  
  82  6:31  Viking x2, SCV  
  88  6:33  Supply Depot  
  88  6:41  SCV  
  88  6:43  SCV  
  90  6:51  Siege Tank  
  90  6:53  SCV  
  94  6:55  SCV  
  94  6:56  Barracks  
  94  6:57  Orbital Command, Engineering Bay, Barracks  
  94  7:00  Engineering Bay  
  95  7:05  SCV  
  95  7:07  SCV  
  97  7:13  Marine  
  92  7:17  SCV  
  92  7:19  SCV  
  82  7:23  Siege Tank, SCV  
  82  7:29  SCV  
  80  7:30  Liberator x2  
  80  7:31  SCV  
  80  7:32  Terran Infantry Weapons Level 1  
  80  7:35  SCV  
  88  7:37  Marine  
  88  7:41  SCV  
  88  7:43  SCV  
  91  7:46  Supply Depot  
  91  7:47  SCV  
  92  7:53  SCV  
  92  7:55  Marine  
  92  7:56  SCV  
  95  7:59  SCV  
  95  8:00  Terran Infantry Armor Level 1  
  95  8:01  Combat Shield  
  95  8:04  Barracks Reactor  
  95  8:05  SCV, Supply Depot  
  96  8:07  Supply Depot  
  96  8:08  Barracks, SCV  
  96  8:11  SCV  
  96  8:12  Marine  
  99  8:14  Siege Tank  
  99  8:18  SCV  
  104  8:20  SCV  
  104  8:21  Viking  
  104  8:22  Marine  
  104  8:23  SCV  
  105  8:30  Marine, SCV  
  105  8:32  SCV  
  103  8:39  Marine  
  103  8:40  Marine  
  103  8:41  Marine  
  103  8:43  SCV  
  103  8:47  Siege Tank  
  103  8:48  Marine  
  107  8:49  Command Center  
  103  8:56  Marine  
  103  8:57  Marine  
  103  8:58  Marine x2  
  103  9:01  Command Center  
  95  9:06  Marine  
  95  9:08  Viking  
  97  9:14  Marine  
  97  9:15  Marine, SCV  
  97  9:16  Marine x2  
  102  9:19  Siege Tank  
  102  9:24  Marine  
  105  9:25  SCV  
  95  9:34  Marine x2  
  95  9:36  Barracks Reactor x2  
  84  9:38  SCV  
  84  9:40  Liberator x2  
  84  9:41  Marine  
  84  9:42  SCV  
  91  9:48  Armory  
  91  9:51  Siege Tank, Marine  
  91  9:52  Marine, SCV  
  97  9:59  Marine  
  96  10:09  Marine  
  96  10:10  Marine  
  97  10:16  Marine  
  97  10:18  Marine  
  99  10:22  Medivac  
  99  10:23  Siege Tank, Marine  
  99  10:24  Marine  
  99  10:25  Medivac  
  108  10:30  Marine  
  108  10:31  Barracks, SCV  
  108  10:33  Orbital Command  
  110  10:36  SCV  
  110  10:40  Marine  
  112  10:46  Terran Infantry Weapons Level 2, Terran Infantry Armor Level 2  
  112  10:48  Marine x2  
  113  10:51  Marine x3  
  113  10:53  Marine  
  117  11:01  Marine, Siege Tank  
  121  11:06  Marine  
  121  11:07  SCV  
  121  11:10  Marine x3  
  126  11:14  Marine  
  126  11:17  Medivac  
  124  11:18  SCV  
  124  11:20  Marine  
  124  11:23  Barracks Reactor  
  125  11:28  Marine x3  
  125  11:30  Marine  
  129  11:34  Marine, SCV  
  129  11:38  SCV  
  133  11:46  Orbital Command  
  133  11:47  SCV  
  133  11:50  SCV  
  133  11:53  Liberator  
  133  11:54  Liberator  
  115  11:58  Marine x2  
  120  12:04  SCV  
  121  12:10  Marine  
  121  12:17  Marine  
  121  12:19  Sensor Tower  
  121  12:20  Marine  
  121  12:21  Marine  
  107  12:24  Marine x5  
  107  12:27  Marine  
  107  12:30  Siege Tank  
  107  12:34  Marine  
  108  12:38  Marine, SCV  
  108  12:39  Marine  
  108  12:42  Marine x5  
  113  12:49  Marine  
  97  12:52  Marine  
  97  12:56  Marine x2  
  96  12:59  Marine  
  96  13:00  Marine x3, Medivac x2  
  96  13:02  Siege Tank  
  96  13:05  Marine  
  107  13:06  Marine  
  107  13:10  Marine  
  110  13:14  Marine x2  
  110  13:17  Marine  
  110  13:18  Marine  
  110  13:19  Marine x2  
  102  13:23  Marine  
  102  13:24  Marine  
  89  13:28  Marine  
  89  13:30  Medivac  
  89  13:31  Medivac  
  89  13:32  Marine  
  89  13:33  Marine  
  96  13:35  Marine  
  96  13:39  Marine  
  96  13:40  Marine  
  96  13:42  Marine  
  96  13:48  Siege Tank, Marine  
  97  13:49  Marine x2  
  97  13:50  Marine  
  97  13:51  Marine  
  97  13:55  Marine  
  103  13:57  Marine x2  
  103  14:00  Marine  
  106  14:05  Medivac  
  106  14:06  Marine  
  106  14:07  Marine x3  
  106  14:09  Marine  
  113  14:13  Marine  
  113  14:15  Marine x2  
  113  14:16  Medivac  
  118  14:18  Marine  
  118  14:20  Siege Tank  
  121  14:24  Marine x2  
  121  14:28  Marine  
  121  14:30  Marine  
  125  14:35  Medivac  
  125  14:36  Marine  
  128  14:38  Marine  
  128  14:39  Marine  
  128  14:45  Marine x3  
  133  14:48  Marine  
  133  14:49  Marine  
Show
View Real Time Build Order
Export as new Build Order

GuMiho Terran - Winner!

Build Orders:  

Get SALT Encoding   

  12  0:00  SCV  
  13  0:12  SCV  
  14  0:17  Supply Depot  
  14  0:24  SCV  
  14  0:28  Refinery  
  15  0:38  SCV  
  16  0:44  Barracks  
  16  0:50  SCV  
  16  0:54  Refinery  
  17  1:02  SCV  
  18  1:14  SCV  
  19  1:31  Orbital Command, Reaper  
  20  1:34  Factory  
  20  1:47  Supply Depot  
  20  1:56  SCV  
  21  2:03  Reaper  
  23  2:08  SCV  
  23  2:18  Hellion  
  23  2:20  SCV  
  26  2:26  Command Center  
  26  2:32  SCV  
  26  2:35  Reaper  
  26  2:36  Supply Depot  
  28  2:41  Hellion  
  30  2:44  SCV  
  31  2:52  Starport  
  31  2:58  SCV  
  30  3:09  Barracks Reactor  
  30  3:10  Factory Tech Lab, SCV  
  31  3:22  SCV  
  31  3:30  Cyclone  
  33  3:34  SCV  
  33  3:37  Medivac  
  33  3:40  Orbital Command  
  35  3:46  SCV  
  35  3:47  Refinery  
  36  3:51  Marine x2  
  38  3:59  SCV, Supply Depot  
  38  4:02  Siege Tank  
  42  4:06  SCV  
  43  4:10  Supply Depot  
  43  4:11  Starport Tech Lab, SCV  
  43  4:14  Marine  
  43  4:15  Marine  
  46  4:19  SCV  
  46  4:23  SCV  
  48  4:30  Raven  
  50  4:32  Marine x2  
  50  4:33  SCV  
  50  4:35  SCV  
  50  4:36  Siege Tank  
  57  4:50  Marine x2  
  58  4:52  SCV  
  58  4:53  SCV  
  58  4:59  Command Center  
  59  5:01  Supply Depot  
  59  5:04  SCV, Raven  
  59  5:05  SCV  
  63  5:08  Marine x2  
  63  5:11  Refinery  
  63  5:13  Siege Tank  
  68  5:17  SCV x2  
  70  5:26  Marine x2  
  71  5:29  SCV x2  
  73  5:36  Barracks  
  73  5:39  Barracks  
  73  5:41  SCV x2  
  74  5:46  Siege Tank  
  77  5:55  SCV  
  78  5:59  Engineering Bay  
  78  6:02  Engineering Bay  
  78  6:06  Stimpack  
  78  6:08  SCV  
  78  6:09  SCV  
  78  6:10  Medivac x2  
  82  6:12  Orbital Command  
  82  6:13  Marine  
  83  6:19  Siege Tank  
  83  6:20  SCV  
  83  6:22  Barracks  
  87  6:25  Barracks  
  87  6:31  Barracks Reactor x2  
  87  6:34  Missile Turret  
  87  6:36  Terran Infantry Weapons Level 1  
  87  6:38  Terran Infantry Armor Level 1  
  87  6:40  SCV  
  87  6:41  Marine  
  89  6:58  Siege Tank, SCV  
  89  7:00  Orbital Command  
  93  7:03  SCV  
  93  7:09  Marine  
  93  7:13  Marine x3  
  83  7:24  Marine  
  83  7:27  Marine, SCV  
  83  7:28  SCV x2  
  78  7:30  Marine  
  78  7:31  Marine x2  
  78  7:33  Barracks Reactor  
  78  7:34  Siege Tank, Barracks Reactor  
  82  7:39  SCV, Armory  
  82  7:40  SCV x2  
  82  7:42  Marine  
  82  7:43  Medivac x2  
  90  7:45  Marine  
  90  7:48  Marine x2  
  93  7:52  Supply Depot  
  93  8:00  Missile Turret  
  93  8:05  Marine x3  
  93  8:06  Marine x2, Combat Shield, Supply Depot  
  93  8:09  SCV x2, Supply Depot  
  93  8:10  SCV  
  93  8:12  Marine x3  
  103  8:14  Marine  
  103  8:18  Siege Tank  
  108  8:23  Marine x3  
  108  8:24  Marine x2  
  113  8:30  Marine x3  
  113  8:32  Marine  
  115  8:41  Marine x3  
  114  8:42  Marine x2  
  114  8:43  Orbital Command  
  114  8:47  Medivac  
  114  8:48  Marine x3  
  122  8:50  Marine  
  122  8:56  SCV x2  
  122  8:59  Marine x4  
  122  9:01  Marine  
  126  9:06  Marine  
  125  9:10  Marine  
  125  9:17  Marine x2  
  122  9:21  Marine  
  122  9:22  Marine x2  
  122  9:23  SCV  
  124  9:25  Marine  
  124  9:28  Marine  
  102  9:34  Marine x2  
  102  9:35  SCV x3  
  100  9:38  Marine  
  100  9:39  Marine x2, Terran Infantry Weapons Level 2  
  100  9:42  Marine  
  100  9:45  Terran Infantry Armor Level 2  
  104  9:47  SCV  
  104  9:48  Marine  
  104  9:49  Barracks  
  104  9:52  Marine x2  
  106  9:56  Siege Tank, Marine  
  106  9:57  Marine  
  106  9:59  Medivac  
  115  10:01  Medivac  
  115  10:05  Supply Depot  
  117  10:13  Marine  
  118  10:14  Marine x2  
  118  10:19  Marine x2  
  120  10:22  SCV x3  
  123  10:30  Marine, Command Center  
  123  10:32  Marine x2  
  126  10:37  Marine x2, Barracks  
  126  10:40  Siege Tank  
  126  10:42  SCV  
  132  10:46  Marine x2  
  132  10:48  Marine  
  135  10:50  Supply Depot  
  135  10:53  SCV x2  
  135  10:54  SCV  
  135  10:56  Marine x2  
  140  11:10  Viking  
  141  11:11  Viking  
  141  11:16  Siege Tank  
  141  11:18  SCV x2  
  141  11:19  SCV  
  141  11:22  Marine x3  
  141  11:23  Marine  
  148  11:29  Marine  
  149  11:35  Marine  
  149  11:41  Marine x3, SCV x3  
  149  11:43  Supply Depot  
  149  11:44  Supply Depot  
  153  11:53  Siege Tank  
  153  11:54  Marine x3  
  126  11:55  Marine x3  
  126  11:56  Terran Infantry Weapons Level 3  
  126  11:59  Marine x3  
  126  12:00  Orbital Command  
  135  12:05  Terran Infantry Armor Level 3  
  135  12:06  Sensor Tower  
  134  12:12  Marine x4  
  134  12:13  Marine x2  
  140  12:17  Marine x2  
  116  12:23  Marine  
  116  12:26  Widow Mine  
  116  12:29  Marine x2  
  114  12:30  Marine x4  
  114  12:32  Medivac x2  
  114  12:34  Marine x2  
  125  12:41  Marine  
  126  12:47  Marine x3  
  126  12:48  Marine x3  
  121  12:52  Marine x2  
  121  12:56  Siege Tank  
  121  12:57  SCV x3  
  121  12:58  SCV  
  129  12:59  Marine  
  129  13:01  Command Center  
  129  13:05  Marine x3  
  130  13:06  Marine x3  
  130  13:09  Medivac x2  
  130  13:10  Marine x2  
  142  13:14  Missile Turret  
  142  13:17  Marine  
  137  13:23  Marine x3  
  137  13:24  Marine x3  
  119  13:28  Marine x2, Siege Tank  
  119  13:31  Factory  
  122  13:34  Marine  
  122  13:41  Marine x4  
  124  13:42  Marine x2, Command Center  
  124  13:46  Marine x2  
  126  13:52  Marine, Medivac x2  
  131  13:57  Sensor Tower  
  131  13:58  Marine  
  131  13:59  Marine x4  
  131  14:00  Marine  
  137  14:03  Marine x2  
  139  14:10  Marine  
  139  14:16  Marine x3  
  140  14:17  Marine x2  
  140  14:20  Marine  
  140  14:21  Marine x2  
  146  14:25  Siege Tank  
  146  14:28  Marine  
  150  14:34  Marine x3, Factory Tech Lab  
  153  14:40  Marine x5  
  157  14:46  Marine  
  157  14:48  Refinery  
  157  14:49  Refinery  
  157  14:52  SCV x2  

Tags
 
Add a new tag
Caveats
  • Supply blocks, unpowered buildings, or Contaminate may cause inaccurate times.
  • Supply counts are checked every 10 seconds.